 Dungeon Sprint DCSS version 0.30.0-29-ga12c61a403 (webtiles) character file.

Game seed: 6850713451763209434

14184 boopmooplesden the Impaler (level 11, -8/101 HPs)
             Began as a Demonspawn Berserker on June 21, 2023.
             Was the Champion of Trog.
             Mangled by a +5 glaive of the Guard {elec, spectral, AC+5} (9 damage)
             ... created by an efreet
             ... in the Dungeon (Sprint V: "Ziggurat Sprint").
             The game lasted 00:07:29 (1005 turns).

boopmooplesden the Impaler (Demonspawn Berserker)   Turns: 1005, Time: 00:07:30

Health: -8/101     AC: 21    Str: 22    XL:     11   Next: 85%
Magic:  11/11      EV: 23    Int:  9    God:    Trog [******]
Gold:   0          SH:  0    Dex: 24    Spells: 10/10 levels left

rFire   + + +        K - +8 lance "Wyrmbane" {slay drac, rPois rF+ rC+ AC+3}
rCold   + + .        U - orb of Morality {mayhem, Drain Fly rF+++ rCorr}
rNeg    + . .        O - +5 ring mail of Fedhas's Fury {rElec rPois Will- Str+3 Dex+3}
rPois   +            (helmet restricted)
rElec   +            (no cloak)
rCorr   +            S - +2 pair of gloves {hurl}
SInv    .            (no boots)
Will    +....        (no amulet)
Stlth   +++++        u - +6 ring of dexterity
HPRegen 1.36/turn    X - ring of Kesar {rC+ rN+ rCorr Slay+3}
MPRegen 0.24/turn

%: no teleportation, mayhem
@: strong-willed, on berserk cooldown, flying, regenerating, studying Throwing
A: antennae 2, icy blue scales 2, powered by pain 1, magic regeneration
a: Renounce Religion, Berserk, Trog's Hand, Brothers in Arms


You were in the Dungeon.
You worshipped Trog.
Trog was exalted by your worship.
You visited 1 branch

Inventory:

Hand Weapons
 a - a +0 spear
 B - a +5 heavy demon trident
 C - the +11 Singing Sword {sonic wave}
   (You found it in the Dungeon)
 D - the +7 great mace "Firestarter" {flame, immolate, rFlCloud rF++}
   (You found it in the Dungeon)

   rFlCloud:  It grants immunity to clouds of flame.
   rF:        It greatly protects you from fire.
 E - the +7 mace of Variability {chaos, chaos arc}
   (You found it in the Dungeon)
 J - the +9 sword of Zonguldrok {reap}
   (You found it in the Dungeon)
 K - the +8 lance "Wyrmbane" (weapon) {slay drac, rPois rF+ rC+ AC+3}
   (You found it in the Dungeon)

   AC:        It affects your AC (+3).
   rF:        It protects you from fire.
   rC:        It protects you from cold.
   rPois:     It protects you from poison.
 R - the +12 glaive of Leczitiwn {elec, rPois Stlth+}
   (You found it in the Dungeon)

   rPois:     It protects you from poison.
   Stlth:     It makes you more stealthy.
Armour
 b - a +0 animal skin
 i - a +3 buckler
 L - a +3 tower shield
 O - the +5 ring mail of Fedhas's Fury (worn) {rElec rPois Will- Str+3 Dex+3}
   (You found it in the Dungeon)

   Str:       It affects your strength (+3).
   Dex:       It affects your dexterity (+3).
   rElec:     It insulates you from electricity.
   rPois:     It protects you from poison.
   Will:      It decreases your willpower.
 S - a +2 pair of gloves of hurling (worn)
 U - the orb of Morality (worn) {mayhem, Drain Fly rF+++ rCorr}
   (You found it in the Dungeon)

   rF:        It renders you almost immune to fire.
   Fly:       It grants you flight.
   rCorr:     It protects you from acid and corrosion.
   Drain:     It drains your maximum health when unequipped.
 V - a +1 plate armour of cold resistance
Jewellery
 t - a ring of flight
 u - a +6 ring of dexterity (left hand)
 v - a +6 ring of dexterity
 w - a +6 ring of intelligence
 x - a +6 ring of intelligence
 y - a +6 ring of strength
 z - a +6 ring of strength
 N - a +4 ring of protection
 T - a ring of positive energy
 W - an amulet of faith
 X - the ring of Kesar (right hand) {rC+ rN+ rCorr Slay+3}
   (You found it in the Dungeon)

   [ring of protection from cold]

   Slay:      It affects your accuracy & damage with ranged weapons and melee
   (+3).
   rC:        It protects you from cold.
   rN:        It protects you from negative energy.
   rCorr:     It protects you from acid and corrosion.
 Y - a +6 ring of strength
 Z - a ring of see invisible
Wands
 q - a wand of mindburst (14)
 r - a wand of iceblast (11)
 s - a wand of quicksilver (12)
 A - a wand of polymorph (10)
 P - a wand of flame (8)
 Q - a wand of charming (10)
Scrolls
 h - 4 scrolls of blinking
 n - 7 scrolls of fog
 o - 5 scrolls of identify
 p - 2 scrolls of fear
Potions
 c - 10 potions of curing
 d - 6 potions of heal wounds
 e - 10 potions of haste
 f - 7 potions of magic
 g - 3 potions of berserk rage
 j - 2 potions of invisibility
 k - 4 potions of resistance
 l - a potion of experience
 m - 5 potions of might
Miscellaneous
 M - a box of beasts


   Skills:
 + Level 14.6 Fighting
 + Level 15.6 Polearms
 + Level 8.4 Armour
 + Level 14.5 Dodging
 + Level 11.6 Stealth
 + Level 7.5 Shields


You had 10 spell levels left.
You didn't know any spells.
Your spell library was empty.

Dungeon Overview and Level Annotations

Branches:
Dungeon (1/1)

Altars:
Ashenzari
Cheibriados
Dithmenos
Fedhas
Gozag
Hepliaklqana
Kikubaaqudgha
Makhleb
Nemelex Xobeh
Okawaru
Qazlal
Ru
Sif Muna
Trog
Uskayaw
Vehumet
Wu Jian
Xom
Yredelemnul
Jiyva
Lugonu

Annotations:
D 1 transporter


Innate Abilities, Weirdness & Mutations

You have a pair of antennae on your head.
You are mostly covered in icy blue scales. (AC +3)
You sometimes gain a little power by taking damage.
You regenerate magic rapidly.


Message History

The efreet hits you from afar with the +5 glaive of the Guard {elec, spectral, AC+5}!!
* * * LOW HITPOINT WARNING * * *
The +5 glaive of the Guard {elec, spectral, AC+5} hits you from afar!
* * * LOW HITPOINT WARNING * * *
The hell hog completely misses you.
A +5 glaive of the Guard {elec, spectral, AC+5} comes into view.
You impale the fire giant!!
The fire giant is moderately wounded.
The fire elemental hits your iron troll.
The fire elemental burns your iron troll!
Your iron troll resists.
Your iron troll closely misses the fire elemental.
Your iron troll claws the fire elemental!!
Your iron troll closely misses the fire elemental.
The hell hog misses you.
You impale the fire giant!!
The fire giant is heavily wounded.
The fire giant closely misses you.
The fire giant hits you with a +0 great sword of flaming.
* * * LOW HITPOINT WARNING * * *
The efreet barely misses you.
The +5 glaive of the Guard {elec, spectral, AC+5} hits you from afar.
* * * LOW HITPOINT WARNING * * *
The fire elemental barely misses your iron troll.
You puncture the fire giant!
The fire giant is severely wounded.
The hell hog misses you.
Your iron troll bites the fire elemental!!!
The fire elemental is destroyed!
Trog accepts your kill.
You puncture the fire giant!
The fire giant is almost dead.
The fire giant hits you with a +0 great sword of flaming!
* * * LOW HITPOINT WARNING * * *
The fire giant points at you and mumbles some strange words.
The bolt of fire misses you.
The efreet hits you from afar with the +5 glaive of the Guard {elec, spectral, AC+5}.
* * * LOW HITPOINT WARNING * * *
The +5 glaive of the Guard {elec, spectral, AC+5} hits you from afar!
You die...

▓▓▓▓▓▓▓▓▓▓▓
▓...8©8..v▓...8©8...▓
▓..|)/=)=.▓..[:..=..▓
▓.."))"[..▓..:[)....▓
▓.........▓.........▓
▓.........▓.........▓
▓..○ChR...▓.).......▓
▓R○CCh†...▓.=.......▓
▓.☼▓@T(▓..▓...).....▓
▓.▓.....▓.▓.▓.....▓.▓
▓....©....▓....©....▓
▓▓▓▓▓▓▓▓▓▓▓▓▓▓▓▓▓▓▓▓▓


{{{{{{{{ {{{{{{{{ {{{{{{{{ You could see 3 fire giants, a hell hog (ally
target), 2 efreet, a fire vortex, a hell hound, a +5 glaive of the Guard {elec,
spectral, AC+5} and a friendly iron troll (summoned, berserk).

Vanquished Creatures
  A dread lich (D)
  A lich (D)
  A fire giant (D)
  A rakshasa (D)
  A thrashing horror (D)
  A fire crab (shapeshifter) (D)
  A worldbinder (D)
  An ugly thing (D)
  A shining eye (D)
  A smoke demon (D)
  A rime drake (D)
  A queen bee (shapeshifter) (D)
  A troll (shapeshifter) (D)
  Sigmund (D)
  A small abomination (D)
  A wyvern (D)
  A steam dragon (D)
  A neqoxec (D)
  A naga (D)
  2 large abominations (D)
  A water moccasin (D)
  2 swamp drakes (D)
  A wolf (D)
  Blork the orc (D)
  A bullfrog (D)
  Dowan (D)
  A crimson imp (D)
  3 quasits (D)
  An iron imp (D)
  Crazy Yiuf (D)
  Jessica (D)
  An iguana (D)
  A shadow imp (D)
  3 white imps (D)
  2 ufetubi (D)
  An adder zombie (D)
  2 ball pythons (D)
  A bat skeleton (D)
  A jackal (D)
  A ball python zombie (D)
48 creatures vanquished.

Vanquished Creatures (collateral kills)
  A pandemonium lord (D)
  A hell hog (D)
  A hellwing (D)
  A wyvern (D)
  A steam dragon (D)
  A fire elemental (D)
  4 crimson imps (D)
  3 iron imps (D)
  A small abomination (D)
  A shadow imp (D)
  A white imp (D)
  An ufetubus (D)
17 creatures vanquished.

Vanquished Creatures (others)
  A ynoxinul (D)
  A crimson imp (D)
2 creatures vanquished.

Grand Total: 67 creatures vanquished

Notes
Turn   | Place    | Note
-------+----------+-------------------------------------------
     0 | D        | boopmooplesden the Demonspawn Berserker began the quest for
                  | the Orb.
     0 | D        | Reached XP level 1. HP: 18/18 MP: 1/1
     2 | D        | Found a blossoming altar of Fedhas.
     2 | D        | Found the +6 Majin-Bo {spellvamp, MP+6 Int+6}
     2 | D        | Found the +27 heavy crossbow "Sniper" {heavy, Acc+∞ SInv}
     2 | D        | Found the +10 dark maul {heavy}
     2 | D        | Found the +15 Maxwell's patent armour {-Cast -Tele rElec
                  | Will+ rCorr}
     2 | D        | Found the +18 shield of the Gong {Loud rN+ Will+ rCorr
                  | EV-5}
     2 | D        | Found the +16 obsidian axe {drain, demonic, Mesm Drain Fly
                  | SInv}
     2 | D        | Found the +7 great mace "Firestarter" {flame, immolate,
                  | rFlCloud rF++}
     2 | D        | Found the +6 shillelagh "Devastator" {shatter}
     2 | D        | Found the +11 plutonium sword {Contam Stlth-}
     2 | D        | Found the +8 lance "Wyrmbane" {slay drac, rPois rF+ rC+
                  | AC+3}
     2 | D        | Found the +9 sword of Zonguldrok {reap}
     2 | D        | Found the +13 scythe of Curses {drain, curses, Drain}
     2 | D        | Found the +9 sword of Power {lifebolt}
     2 | D        | Found the +7 mace of Variability {chaos, chaos arc}
     2 | D        | Found the +11 Singing Sword {sonic wave}
     2 | D        | Found the +8 storm bow {elec, penet}
     6 | D        | Found a shimmering blue altar of Sif Muna.
     6 | D        | Found a sacrificial altar of Ru.
     6 | D        | Found a bloodstained altar of Trog.
     6 | D        | Found a stormy altar of Qazlal.
     6 | D        | Found an iron altar of Okawaru.
     6 | D        | Found a sparkling altar of Nemelex Xobeh.
     8 | D        | Found a transporter.
     8 | D        | Found an ancient bone altar of Kikubaaqudgha.
     8 | D        | Found a viscous altar of Jiyva.
     8 | D        | Found a corrupted altar of Lugonu.
     8 | D        | Found a hazy altar of Hepliaklqana.
     8 | D        | Found a burning altar of Makhleb.
     8 | D        | Found an opulent altar of Gozag.
    61 | D        | Entered arena 2.
    61 | D        | Found a transporter.
    67 | D        | Reached skill level 3 in Polearms
    78 | D        | Entered arena 3.
    78 | D        | Noticed a crimson imp
    78 | D        | Found a transporter.
    84 | D        | Killed a crimson imp
    84 | D        | Reached ** piety under Trog
    85 | D        | Reached skill level 4 in Polearms
    85 | D        | Gained mutation: You have a pair of small antennae on your
                  | head. [demonic ancestry]
    85 | D        | Reached XP level 2. HP: 21/26 MP: 2/2
    85 | D        | Gained mutation: You sometimes gain a little power by
                  | taking damage. [demonic ancestry]
    85 | D        | Reached XP level 3. HP: 25/31 MP: 3/3
    89 | D        | Reached skill level 5 in Fighting
   139 | D        | Entered arena 4.
   139 | D        | Noticed a water moccasin
   139 | D        | Noticed a naga
   139 | D        | Found a transporter.
   143 | D        | Reached skill level 5 in Polearms
   152 | D        | Killed a naga
   152 | D        | Reached *** piety under Trog
   153 | D        | Reached skill level 6 in Polearms
   153 | D        | Reached XP level 4. HP: 33/41 MP: 4/4
   153 | D        | Reached XP level 5. HP: 38/47 MP: 5/5
   153 | D        | Killed a water moccasin
   154 | D        | Reached skill level 7 in Polearms
   154 | D        | Reached skill level 1 in Shields
   154 | D        | Gained mutation: You are partially covered in icy blue
                  | scales. (AC +2) [demonic ancestry]
   154 | D        | Reached XP level 6. HP: 46/56 MP: 6/6
   164 | D        | Acquired a manual of Dodging
   192 | D        | Entered arena 5.
   192 | D        | Found a transporter.
   196 | D        | Reached skill level 8 in Polearms
   196 | D        | Reached skill level 5 in Dodging
   200 | D        | Reached **** piety under Trog
   224 | D        | Got the +5 ring mail of Fedhas's Fury {rElec rPois Will-
                  | Str+3 Dex+3}
   238 | D        | Entered arena 6.
   238 | D        | Noticed Sigmund
   238 | D        | Noticed Jessica
   238 | D        | Noticed Blork the orc
   238 | D        | Noticed Crazy Yiuf
   238 | D        | Noticed Dowan
   238 | D        | Found a transporter.
   244 | D        | Killed Crazy Yiuf
   249 | D        | Killed Blork the orc
   250 | D        | Reached skill level 9 in Polearms
   250 | D        | Reached XP level 7. HP: 64/64 MP: 7/7
   252 | D        | Killed Dowan
   252 | D        | Reached ***** piety under Trog
   259 | D        | Killed Jessica
   262 | D        | Killed Sigmund
   263 | D        | Reached skill level 10 in Polearms
   301 | D        | Entered arena 7.
   301 | D        | Noticed a troll
   301 | D        | Noticed a queen bee
   301 | D        | Noticed a neqoxec
   301 | D        | Noticed a purple ugly thing
   301 | D        | Noticed a shining eye
   301 | D        | Noticed a fire crab
   302 | D        | Found a transporter.
   311 | D        | Killed a purple ugly thing
   312 | D        | Reached skill level 10 in Fighting
   312 | D        | Gained mutation: You are mostly covered in icy blue scales.
                  | (AC +3) [demonic ancestry]
   312 | D        | Reached XP level 8. HP: 72/72 MP: 8/8
   316 | D        | Killed a shining eye
   317 | D        | Reached skill level 11 in Polearms
   317 | D        | Reached skill level 5 in Armour
   320 | D        | Killed a queen bee
   321 | D        | Reached skill level 10 in Dodging
   325 | D        | Killed a fire crab
   326 | D        | Reached skill level 12 in Polearms
   326 | D        | Reached skill level 5 in Shields
   326 | D        | Reached XP level 9. HP: 57/81 MP: 9/9
   327 | D        | Killed a troll
   332 | D        | Reached ****** piety under Trog
   332 | D        | Received a gift from Trog
   340 | D        | Got the +12 glaive of Leczitiwn {elec, rPois Stlth+}
   357 | D        | Got the orb of Morality {mayhem, Drain Fly rF+++ rCorr}
   449 | D        | Entered arena 8.
   449 | D        | Noticed a thrashing horror
   450 | D        | Found a transporter.
   457 | D        | Killed a thrashing horror
   458 | D        | Reached skill level 13 in Polearms
   466 | D        | Received a gift from Trog
   495 | D        | Entered arena 9.
   495 | D        | Noticed a rime drake
   496 | D        | Found a transporter.
   514 | D        | Killed a rime drake
   519 | D        | Reached skill level 1 in Stealth
   519 | D        | Gained mutation: You regenerate magic rapidly. [demonic
                  | ancestry]
   519 | D        | Reached XP level 10. HP: 71/89 MP: 10/10
   568 | D        | Entered arena 10.
   568 | D        | Noticed Oghuid the pandemonium lord
   569 | D        | Found a transporter.
   596 | D        | Received a gift from Trog
   598 | D        | Reached skill level 14 in Polearms
   604 | D        | HP: 4/89 [Oghuid the pandemonium lord (15)]
   613 | D        | Killed Oghuid the pandemonium lord
   619 | D        | Got the ring of Kesar {rC+ rN+ rCorr Slay+3}
   774 | D        | Entered arena 11.
   774 | D        | Noticed a worldbinder
   774 | D        | Noticed a dread lich
   775 | D        | Found a transporter.
   781 | D        | Noticed a merfolk aquamancer
   795 | D        | Killed a dread lich
   795 | D        | Received a gift from Trog
   796 | D        | Reached skill level 15 in Polearms
   796 | D        | Gained mutation: You have a pair of antennae on your head.
                  | [demonic ancestry]
   796 | D        | Reached XP level 11. HP: 98/98 MP: 11/11
   941 | D        | Entered arena 12.
   941 | D        | Found the +2 Maxwell's thermic engine {flame, freeze, rev}
   941 | D        | Noticed a lich
   941 | D        | Noticed a large abomination
   942 | D        | Noticed a rakshasa
   944 | D        | Found a transporter.
   952 | D        | Killed a lich
   953 | D        | Reached skill level 10 in Stealth
   956 | D        | Received a gift from Trog
   957 | D        | Killed a large abomination
   963 | D        | Killed a rakshasa
   968 | D        | Received a gift from Trog
   990 | D        | Entered arena 13.
   990 | D        | Noticed a fire giant
   990 | D        | Noticed a fire giant
   990 | D        | Noticed a hell hog
   990 | D        | Noticed a fire giant
   990 | D        | Noticed a fire giant
   990 | D        | Noticed a hell hog
   993 | D        | Found a transporter.
   998 | D        | Killed a fire giant
  1000 | D        | Killed a hell hog
  1005 | D        | HP: 1/101 [efreet/the +5 glaive of the Guard {elec,
                  | spectral, AC+5} (6)]
  1005 | D        | Mangled by a +5 glaive of the Guard {elec, spectral, AC+5}

Illustrated notes

Levels and vault maps discovered:
D:        sprint_v [room_start, room_1, room_2, room_3, room_4, room_5, room_6,
          room_7, room_8, room_9, room_10, room_11, room_12, room_13, room_14,
          room_15, room_16, room_17, room_18, room_19, room_20, room_21,
          room_22, room_23, room_24, room_25, room_26, room_27]

Skill      XL: |  1  2  3  4  5  6  7  8  9 10 11 |
---------------+----------------------------------+-----
Polearms       | 4 6 7 9 10 12 13 15 | 15.6
Fighting       | 4 6 7 9 10 11 12 13 14 | 14.6
Armour         | 2 3 4 5 6 7 8 |  8.4
Dodging        | 2 3 4 6 8 11 12 13 14 | 14.5
Shields        | 1 2 4 5 6 7 |  7.5
Stealth        | 1 9 11 | 11.6

Action                     |  1- 3 |  4- 6 |  7- 9 | 10-12 || total
---------------------------+-------+-------+-------+-------++-------
  Melee: Lance             |    23 |    30 |    65 |   107 ||   225
 Invoke: Berserk           |     2 |     1 |     3 |     3 ||     9
         Brothers in Arms  |       |       |       |     3 ||     3
         Trog's Hand       |       |       |       |     1 ||     1
    Use: Potion            |     1 |       |       |     3 ||     4
         Scroll            |       |     1 |       |     1 ||     2
   Stab: Confused          |       |       |     1 |       ||     1
         Distracted        |       |       |       |    11 ||    11
 Armour: Animal skin       |     5 |     5 |       |       ||    10
         Ring mail         |       |       |    20 |    39 ||    59
  Dodge: Dodged            |    22 |    28 |    74 |   185 ||   309
  Block: Buckler           |     5 |    19 |    16 |       ||    40
